 Dungeon Crawl Stone Soup version 0.27.1-34-g3ba077fa99 (webtiles) character file.

Game seed: 7924444134938440026

67 Delamore the Sneak (level 4, -3/29 HPs)
             Began as an Octopode Brigand on Feb 11, 2022.
             Succumbed to a kobold's poison
             ... on level 2 of the Dungeon.
             The game lasted 00:01:29 (1738 turns).

Delamore the Sneak (Octopode Brigand)               Turns: 1738, Time: 00:01:29

Health: -3/29      AC:  1    Str: 10    XL:     4   Next: 16%
Magic:  4/4        EV: 12    Int: 13    God:
Gold:   77         SH:  0    Dex: 14    Spells: 3/3 levels left

rFire    . . .     SeeInvis .   a - +2 dagger
rCold    . . .     Faith    .   (no shield)
rNeg     . . .     Spirit   .   (helmet restricted)
rPois    .         Reflect  .   (no amulet)
rElec    .         Harm     .   (no ring)
rCorr    .         Rampage  .   (no ring)
Will     .....                  (no ring)
Stlth    ++++......             (no ring)
HPRegen  0.09/turn              (no ring)
MPRegen  0.09/turn              (no ring)
                                (no ring)
                                (no ring)

@: lethally poisoned (-3 -> -29), flying, hasted, very quick
A: almost no armour, amphibious, 8 rings, camouflage 1, gelatinous body 1,
(nimble swimmer 1), tentacles
a: no special abilities


You were on level 2 of the Dungeon.
You visited 1 branch of the dungeon, and saw 2 of its levels.

You collected 77 gold pieces.

Inventory:

Hand Weapons
 a - a +2 dagger (weapon)
Missiles
 b - 8 poisoned darts (quivered)
 c - 2 curare-tipped darts
Scrolls
 f - a scroll of teleportation
 h - a scroll of vulnerability
 i - 2 scrolls of amnesia
Potions
 e - a potion of haste


   Skills:
 - Level 2.0 Fighting
 + Level 2.9 Short Blades
 - Level 2.0 Throwing
 - Level 1.0 Dodging
 * Level 7.0 Stealth


You had 3 spell levels left.
You didn't know any spells.
Your spell library was empty.

Dungeon Overview and Level Annotations

Branches:
Dungeon (2/15)

Altars:


Innate Abilities, Weirdness & Mutations

You cannot wear most types of armour.
You are amphibious.
You can wear up to eight rings at the same time.
Your skin changes colour to match your surroundings (Stealth+).
Your rubbery body absorbs attacks. (AC +1, EV +1)
((You are camouflaged near water. (Stealth+)))
You have tentacles for arms and can constrict up to eight enemies at once.


Message History

No target in view!
No target in view!
No target in view!
No target in view!
No target in view!
No target in view!
Found a stone staircase leading up.
There is a stone staircase leading up here.
A kobold comes into view.
It is wielding a +0 short sword of venom.
A kobold is nearby!
You see here 21 arrows.
The kobold closely misses you.
You closely miss the kobold. Your grab misses the kobold.
The kobold hits you with a +0 short sword of venom.
You are poisoned.
You hit the kobold but do no damage. Your grab misses the kobold.
You feel sick.
The kobold hits you with a +0 short sword of venom.
You are lethally poisoned!
You hit the kobold. Your grab misses the kobold.
The kobold is severely wounded.
You feel very sick.
The kobold hits you with a +0 short sword of venom.
You are too injured to fight recklessly!
You are too injured to fight recklessly!
You are too injured to fight recklessly!
You are too injured to fight recklessly!
You are too injured to fight recklessly!
You are too injured to fight recklessly!
You are too injured to fight recklessly!
It was a potion of haste.
You feel yourself speed up.
* * * LOW HITPOINT WARNING * * *
You feel very sick.
The kobold hits you with a +0 short sword of venom.
* * * LOW HITPOINT WARNING * * *
You are more poisoned.
It was a potion of flight.
You feel very buoyant.
You fly up into the air.
You die...

#..#.. ##.##.# ..##.#
#..##.# ....## # ..###.#
#.#.. .# . .## #.#
####...##.##.# .#
#)####.............. ##
##.#.....##.......#
####......## #.......#.#
...........###..@K.....#
##....###....(..#....###
......#...#####.......#
.##..#..#########..##...
###....## #.......# #.
#....### ##.###...#
.....######........#
#..#.........####..#
...#.#######.# #..#


You could see a kobold.

Vanquished Creatures
  Terence (D:2)
  An adder (D:2)
  A dart slug (D:2)
  An endoplasm (D:1)
  2 giant cockroaches (D:1)
  8 goblins
  A quokka (D:1)
  6 ball pythons
  4 bats
  A frilled lizard (D:1)
  2 kobolds (D:1)
  2 rats
30 creatures vanquished.

Notes
Turn   | Place    | Note
-------+----------+-------------------------------------------
     0 | D:1      | Delamore the Octopode Brigand began the quest for the Orb.
     0 | D:1      | Reached XP level 1. HP: 14/14 MP: 1/1
   357 | D:1      | Reached XP level 2. HP: 15/19 MP: 2/2
   539 | D:1      | Reached skill level 6 in Stealth
  1022 | D:2      | Reached XP level 3. HP: 18/24 MP: 3/3
  1433 | D:2      | Noticed Terence
  1463 | D:2      | Killed Terence
  1464 | D:2      | Reached skill level 7 in Stealth
  1464 | D:2      | Reached XP level 4. HP: 12/29 MP: 4/4
  1737 | D:2      | HP: 1/29 [kobold (5)]
  1738 | D:2      | Succumbed to a kobold's poison

Illustrated notes

Levels and vault maps discovered:
D:1:      dpeg_arrival_rooms_a, layout_loops_cross
D:2:      layout_rooms, uniq_terence

Skill      XL: |  1  2  3 |
---------------+----------+-----
Stealth        | 6 7 |  7.0
Fighting       | |  2.0
Short Blades   | |  2.9
Throwing       | |  2.0
Dodging        | |  1.0

Action                   |  1- 3 |  4- 6 || total
-------------------------+-------+-------++-------
Melee: Dagger            |    46 |     5 ||    51
       Tentacles         |     5 |     1 ||     6
       Constrict         |     9 |       ||     9
Throw: Dart              |     3 |       ||     3
  Use: Scroll            |     3 |       ||     3
       Potion            |       |     2 ||     2
 Stab: Sleeping          |    11 |     1 ||    12
Armor: Skin              |     3 |     1 ||     4
Dodge: Dodged            |    31 |     2 ||    33
